[Event "Titled Tuesday Blitz April 26 Early 2022"]
[White "Clawitter, Craig"]
[Black "Rom, Jasper"]
[WhiteFideId "2023105"]
[BlackFideId "2023733"]
[WhiteElo "2242"]
[BlackElo "2233"]
[Result "1-0"]
[Round "09"]
[TimeControl "180+1"]
[Date "2022.04.26"]
[WhiteClock "0:00:02"]
[BlackClock "0:00:01"]

1. e4 e6 2. d4 d5 3. e5 c5 4. c3 Nc6 5. Nf3 Bd7 6. Be2 Rc8 7. O-O Nge7 8. h4 Nf5 9. h5 cxd4 10. cxd4 Qb6 11. Nc3 Ncxd4 12. Nxd4 Qxd4 13. Qb3 b6 14. Nb5 Qxe5 15. Re1 a6 16. Nc3 Bd6 17. f4 Qd4+ 18. Kh1 Ng3+ 19. Kh2 Bxf4 20. Bxf4 Qxf4 21. Nxd5 Qh4+ 22. Kg1 Qd4+ 23. Kh2 Qh4+ 24. Kg1 Qd4+ 25. Kh2 Qxd5 26. Qxd5 exd5 27. Bxa6+ Kd8 28. Bxc8 Bxc8 29. Kxg3 Be6 30. Rad1 Kd7 31. a3 Kd6 32. Kf4 Ra8 33. Rd4 Ra5 34. Re3 g6 35. hxg6 hxg6 36. b4 Ra8 37. Rb3 Rc8 38. g4 Rc1 39. Kg5 Rf1 40. Kh6 Ke5 41. Rdd3 1-0


[Site "https://www.chess.com"]

[Event "Titled Tuesday Blitz April 26 Early 2022"]
[White "Cramling Bellon, Anna"]
[Black "Ovezdurdyyeva, Jemal"]
[WhiteFideId "32009232"]
[BlackFideId "14001888"]
[WhiteElo "1905"]
[BlackElo "1946"]
[Result "1-0"]
[Round "09"]
[TimeControl "180+1"]
[Date "2022.04.26"]
[WhiteClock "0:00:03"]
[BlackClock "0:00:17"]

1. d4 Nf6 2. c4 g6 3. Nc3 d5 4. cxd5 Nxd5 5. e4 Nxc3 6. bxc3 Bg7 7. Qa4+ c6 8. Nf3 O-O 9. Bg5 c5 10. Rd1 Bd7 11. Qa3 h6 12. Bh4 cxd4 13. cxd4 g5 14. Bg3 Nc6 15. Bd3 Nxd4 16. Nxd4 Bxd4 17. O-O Bc6 18. Bc2 Qb6 19. Qxe7 Rfe8 20. Qd6 Rad8 21. Qxh6 Bxe4 22. Qxg5+ Qg6 23. Qxg6+ Bxg6 24. Ba4 Re2 25. Bb5 Rxa2 26. h4 Bb6 27. Rxd8+ Bxd8 28. Rd1 Bb6 29. Rd7 Rb2 30. Bc4 Rc2 31. Bd5 Rd2 32. Rd6 Bc5 33. Bxf7+ Kxf7 34. Rxd2 b6 35. Rd7+ Ke6 36. Rxa7 b5 37. Rb7 b4 38. Rc7 Kd5 39. Rg7 Bc2 40. Rg5+ Kc4 41. Rg4+ Kc3 42. Be5+ Kd3 43. Rg3+ Ke4 44. Bf6 Kf5 45. Bg7 b3 46. h5 Bd6 47. Rf3+ Kg4 48. h6 Kg5 49. h7 Bxh7 50. Rg3+ Kf5 51. Rf3+ Kg6 52. Bb2 Bg8 53. Rf6+ Kg5 54. Rxd6 Bf7 55. Rb6 Kf5 56. g3 Be6 57. Kg2 Bd5+ 58. f3 Bc4 59. Kf2 Bd5 60. Ke3 Bf7 61. g4+ Kg5 62. Rb5+ Kg6 63. Rb7 Bd5 64. Rb6+ Kg5 65. Rb5 Kg6 66. Rxd5 1-0


[Site "https://www.chess.com"]

[Event "Titled Tuesday Blitz April 26 Early 2022"]
[White "Cunha, Lucas Aguiar"]
[Black "Chernomordik, Pavel"]
[WhiteFideId "2125404"]
[BlackFideId "2804530"]
[WhiteElo "2361"]
[BlackElo "2220"]
[Result "0-1"]
[Round "09"]
[TimeControl "180+1"]
[Date "2022.04.26"]
[WhiteClock "0:00:03"]
[BlackClock "0:00:10"]

1. e4 g6 2. d4 Bg7 3. Nc3 d6 4. Be3 a6 5. a4 b6 6. h3 Bb7 7. f4 e6 8. Nf3 Nd7 9. Bc4 Ne7 10. O-O d5 11. exd5 exd5 12. Bd3 c5 13. Bf2 O-O 14. Re1 Re8 15. Qd2 c4 16. Bf1 Nf5 17. g4 Nd6 18. Ne5 f6 19. Nxd7 Qxd7 20. Bg2 Ne4 21. Nxe4 dxe4 22. Qb4 Qc7 23. Rad1 Qxf4 24. Qxb6 Bd5 25. Qa5 Qd6 26. Qc5 Rad8 27. Bf1 Bf8 28. Qa5 f5 29. gxf5 gxf5 30. Bg2 Kh8 31. Qc3 f4 32. Kh2 Bh6 33. Bh4 Rg8 34. Bf3 exf3 35. Re5 Qg6 36. Qd2 Qg2+ 37. Qxg2 Rxg2+ 38. Kh1 Rd7 39. Bf6+ Kg8 40. Rde1 Kf7 41. Bh4 f2 42. Re7+ Rxe7 43. Rxe7+ Kg6 44. Re6+ Kh5 45. Re5+ Kxh4 46. Rxd5 f1=Q# 0-1


[Site "https://www.chess.com"]

[Event "Titled Tuesday Blitz April 26 Early 2022"]
[White "D`Arruda, Ricardo D."]
[Black "Winkels, Marcel"]
[WhiteFideId "100692"]
[BlackFideId "1003887"]
[WhiteElo "2393"]
[BlackElo "1900"]
[Result "0-1"]
[Round "09"]
[TimeControl "180+1"]
[Date "2022.04.26"]
[WhiteClock "0:00:01"]
[BlackClock "0:00:13"]

1. d4 Nf6 2. Nf3 c5 3. d5 b5 4. c4 Bb7 5. a4 Qa5+ 6. Bd2 b4 7. g3 e6 8. e4 Nxe4 9. Bg2 Be7 10. O-O O-O 11. Re1 Nf6 12. Bf4 Nh5 13. Be5 Bf6 14. Nbd2 exd5 15. cxd5 Qd8 16. Nc4 Bxe5 17. Nfxe5 Nf6 18. Nd6 Bc8 19. Ndxf7 Rxf7 20. Nxf7 Kxf7 21. d6 Nc6 22. Qb3+ Kg6 23. Qc2+ Kf7 24. Qc4+ Kg6 25. Bxc6 dxc6 26. Re7 Kh6 27. Qh4+ Kg6 28. Rd1 Bd7 29. g4 h6 0-1


[Site "https://www.chess.com"]

[Event "Titled Tuesday Blitz April 26 Early 2022"]
[White "Daneshvar, Bardiya"]
[Black "Grandelius, Nils"]
[WhiteFideId "12576468"]
[BlackFideId "1710400"]
[WhiteElo "2330"]
[BlackElo "2617"]
[Result "1-0"]
[Round "09"]
[TimeControl "180+1"]
[Date "2022.04.26"]
[WhiteClock "0:01:12"]
[BlackClock "0:00:11"]

1. d4 d5 2. c4 e6 3. Nc3 a6 4. cxd5 exd5 5. Nf3 h6 6. Bf4 Nf6 7. e3 Bd6 8. Bxd6 Qxd6 9. Bd3 Bg4 10. h3 Bxf3 11. Qxf3 Nbd7 12. O-O O-O 13. Rac1 Rfe8 14. Rfd1 c6 15. a3 g6 16. Qe2 Kg7 17. Qc2 h5 18. b4 b5 19. Ne2 Rac8 20. Nf4 Ng8 21. Be2 Nb6 22. Nd3 Nc4 23. a4 Nf6 24. Nc5 Ra8 25. Ra1 Nd7 26. Nd3 Ndb6 27. a5 Nd7 28. Qc3 Re7 29. Bf3 Rae8 30. Re1 Kg8 31. Re2 Qb8 32. Rae1 Qc8 33. e4 dxe4 34. Rxe4 Rxe4 35. Rxe4 Rxe4 36. Bxe4 Nf6 37. Nc5 Nd7 38. Nb3 Nf6 39. Bf3 g5 40. Qc1 g4 41. Qg5+ Kf8 42. Qxf6 gxf3 43. Qh8+ 1-0


[Site "https://www.chess.com"]

[Event "Titled Tuesday Blitz April 26 Early 2022"]
[White "De Arruda, Leandro Formes"]
[Black "Sanchez, Robert"]
[WhiteFideId "22722009"]
[BlackFideId "2034360"]
[WhiteElo "1852"]
[BlackElo "2408"]
[Result "0-1"]
[Round "09"]
[TimeControl "180+1"]
[Date "2022.04.26"]
[WhiteClock "0:00:02"]
[BlackClock "0:00:39"]

1. d4 d5 2. Nf3 c6 3. e3 Bf5 4. Nh4 Be6 5. Bd3 h6 6. f4 Nf6 7. f5 Bc8 8. O-O e6 9. fxe6 Bxe6 10. Nf5 Nbd7 11. Nd2 Qc7 12. e4 dxe4 13. Nxe4 Nxe4 14. Bxe4 Nf6 15. Bd3 O-O-O 16. Bf4 Qb6 17. c3 Nd5 18. Bg3 g6 19. Nh4 Ne3 20. Qe2 Nxf1 21. Rxf1 Bd6 22. Bxd6 Rxd6 23. Nf3 Rdd8 24. b3 Bg4 25. Qe7 Bxf3 26. Rxf3 Rd7 27. Qe5 Rhd8 28. Qf4 h5 29. Bc4 Qc7 30. Qxc7+ Kxc7 31. Rxf7 Rxf7 32. Bxf7 Rd6 33. Bc4 g5 34. Kf2 Rf6+ 35. Ke3 Kd6 36. Be2 h4 37. h3 b6 38. Bf3 c5 39. Ke4 cxd4 40. Kxd4 Rf4+ 41. Ke3 Rf8 42. Kd3 Ke5 43. Ke3 Rc8 44. c4 Rc5 45. Bb7 Rc7 46. Bf3 Re7 47. Kd3 Kf4 48. Kd4 Re1 49. b4 Ra1 50. c5 bxc5+ 51. bxc5 Rxa2 52. c6 Rc2 53. Kd5 a5 54. Kd6 a4 0-1


[Site "https://www.chess.com"]

[Event "Titled Tuesday Blitz April 26 Early 2022"]
[White "Donchenko, Alexander"]
[Black "Paravyan, David"]
[WhiteFideId "24603295"]
[BlackFideId "4194985"]
[WhiteElo "2539"]
[BlackElo "2569"]
[Result "0-1"]
[Round "09"]
[TimeControl "180+1"]
[Date "2022.04.26"]
[WhiteClock "0:00:01"]
[BlackClock "0:00:03"]

1. d4 Nf6 2. Nf3 g6 3. g3 Bg7 4. Bg2 d5 5. O-O O-O 6. Bf4 c5 7. dxc5 Na6 8. Qc1 Nxc5 9. Bh6 Qb6 10. Bxg7 Kxg7 11. c4 Be6 12. Nd4 dxc4 13. Na3 Rac8 14. Nxc4 Qb4 15. b3 Bxc4 16. Qxc4 Qxc4 17. bxc4 Rfd8 18. e3 Nfe4 19. Rfc1 Nd6 20. Rab1 Rd7 21. h4 h5 22. Bh3 e6 23. Bg2 b6 24. Rc2 Rdc7 25. Nb5 Nxb5 26. cxb5 Nd3 27. Rd2 Rc1+ 28. Rxc1 Rxc1+ 29. Bf1 Nc5 30. Kg2 Kf6 31. Be2 Ke7 32. Rb2 Rc3 33. Bf1 Kd6 34. Kf3 Ke5 35. Ke2 Ra3 36. Kf3 Ne4 37. Rc2 Rc3 38. Rb2 Nc5 39. Kg2 Kd6 40. Be2 Ra3 41. Kf3 Ke5 42. Kg2 Ne4 43. Bf1 Nc3 44. Bc4 Ra4 45. Bb3 Rb4 46. Rd2 Nxb5 47. Rd7 Kf6 48. f4 a5 49. Rb7 Nd6 50. Rd7 Ne4 51. Ra7 Nc5 52. Bd1 Rb2+ 53. Kf3 Rxa2 54. Be2 Ra3 55. Bb5 e5 56. Be8 e4+ 57. Ke2 Ra2+ 58. Kd1 Rg2 59. Rxf7+ Ke6 60. Rg7 Nd3 61. Rxg6+ Ke7 62. Bb5 a4 63. Rxb6 Nb2+ 64. Kc1 a3 65. Kb1 Nd1 66. Rc6 Rb2+ 67. Kc1 a2 0-1


[Site "https://www.chess.com"]

[Event "Titled Tuesday Blitz April 26 Early 2022"]
[White "Dubov, Daniil"]
[Black "Abarca Gonzalez, Nicolas"]
[WhiteFideId "24126055"]
[BlackFideId "3409422"]
[WhiteElo "2791"]
[BlackElo "2504"]
[Result "1-0"]
[Round "09"]
[TimeControl "180+1"]
[Date "2022.04.26"]
[WhiteClock "0:00:25"]
[BlackClock "0:00:05"]

1. d4 Nf6 2. Nf3 g6 3. c4 Bg7 4. Nc3 O-O 5. Bg5 h6 6. Bh4 d6 7. e3 Nbd7 8. Be2 c6 9. O-O a6 10. Qc2 b5 11. a3 Bb7 12. e4 g5 13. Bg3 Qb6 14. Rfd1 Rac8 15. e5 Nh5 16. Nxg5 hxg5 17. Bxh5 dxe5 18. dxe5 Nxe5 19. Ne4 f5 20. Nxg5 c5 21. Re1 Qh6 22. Bxe5 Qxg5 23. f3 Bxe5 24. Rxe5 Qxh5 25. Rxe7 Rf7 26. Rae1 Rcf8 27. Qc3 Qg6 28. R1e6 Rf6 29. Rxf6 Qxf6 30. Qxf6 Rxf6 31. Rxb7 bxc4 32. Rc7 Rd6 33. Rxc5 f4 34. Rxc4 Rd1+ 35. Kf2 Rd2+ 36. Kf1 Rd1+ 37. Ke2 Rg1 38. Kf2 Rb1 39. Rxf4 Rxb2+ 40. Kg3 Ra2 41. Ra4 1-0


[Site "https://www.chess.com"]

[Event "Titled Tuesday Blitz April 26 Early 2022"]
[White "Esipenko, Andrey"]
[Black "Drygalov, Sergey"]
[WhiteFideId "24175439"]
[BlackFideId "24171743"]
[WhiteElo "2617"]
[BlackElo "2514"]
[Result "1-0"]
[Round "09"]
[TimeControl "180+1"]
[Date "2022.04.26"]
[WhiteClock "0:00:40"]
[BlackClock "0:00:16"]

1. d4 Nf6 2. c4 e6 3. Nc3 Bb4 4. e3 O-O 5. a3 Bxc3+ 6. bxc3 c5 7. Bd3 Nc6 8. Nf3 b6 9. e4 Ne8 10. d5 Na5 11. e5 f5 12. Bg5 Qc7 13. d6 Qc6 14. Be7 Rf7 15. Rg1 h6 16. g4 Ba6 17. gxf5 Nxc4 18. Qe2 exf5 19. Nh4 Nc7 20. dxc7 Rxe7 21. Bxc4+ Bxc4 22. Nxf5 d5 23. Nxe7+ 1-0


[Site "https://www.chess.com"]

[Event "Titled Tuesday Blitz April 26 Early 2022"]
[White "Fernandez Hernandez, Gerardo"]
[Black "Simonovic, Miroslav"]
[WhiteFideId "2207400"]
[BlackFideId "919152"]
[WhiteElo "2181"]
[BlackElo "2043"]
[Result "0-1"]
[Round "09"]
[TimeControl "180+1"]
[Date "2022.04.26"]
[WhiteClock "0:00:15"]
[BlackClock "0:00:08"]

1. e4 c5 2. Nc3 Nc6 3. Bb5 g6 4. Bxc6 dxc6 5. d3 Bg7 6. f4 e5 7. Nf3 exf4 8. Bxf4 Ne7 9. O-O O-O 10. Qd2 f5 11. Bh6 Be6 12. Rae1 Bf7 13. Bg5 Re8 14. exf5 gxf5 15. Qf4 Qd7 16. Ne5 Qd4+ 17. Kh1 Qxf4 18. Bxf4 Ng6 19. Nxf7 Rxe1 20. Rxe1 Kxf7 21. Bd6 Bxc3 22. bxc3 b6 23. Kg1 Rd8 24. Bg3 c4 25. d4 c5 26. Bf2 cxd4 27. Bxd4 Rd5 28. Kf2 Ra5 29. Ra1 Ra3 30. Ke3 Ke6 31. Kd2 Kd5 32. Kc1 Ne5 33. Bxe5 Kxe5 34. Kb2 Ra5 35. Re1+ Kf4 36. Re7 h5 37. Rc7 Rc5 38. Rxa7 Re5 39. Rg7 Re2 40. Rg3 h4 41. Rg8 b5 42. Rg7 Ke3 43. Rg8 Kf2 44. Rg7 Kg1 45. Rg5 Rxg2 46. Rxf5 Kxh2 47. Rxb5 h3 48. Rh5 Rg3 49. a4 Kg2 50. a5 h2 51. Rxh2+ Kxh2 52. Ka3 Rg5 53. Kb4 Kg3 54. a6 Rg7 55. Kxc4 Rc7+ 56. Kb4 Kf4 57. Kb5 Ke5 58. c4 Kd6 59. c5+ Rxc5+ 60. Kb6 Rxc2 61. a7 Rb2+ 62. Ka6 Kc7 63. Ka5 Ra2+ 64. Kb5 Rxa7 65. Kc4 Rb7 66. Kc5 Rb6 67. Kd5 Rc6 68. Ke5 Rd6 69. Ke4 Kd7 70. Ke5 Kc6 71. Kf5 Rd5+ 72. Ke4 Kd6 0-1


[Site "https://www.chess.com"]

[Event "Titled Tuesday Blitz April 26 Early 2022"]
[White "Fernandez Siles, Luis"]
[Black "Subelj, Jan"]
[WhiteFideId "2209420"]
[BlackFideId "14618583"]
[WhiteElo "2212"]
[BlackElo "2306"]
[Result "0-1"]
[Round "09"]
[TimeControl "180+1"]
[Date "2022.04.26"]
[WhiteClock "0:00:02"]
[BlackClock "0:00:43"]

1. d4 Nf6 2. c4 e6 3. Nc3 c5 4. e3 b6 5. Nf3 Bb7 6. Bd3 cxd4 7. exd4 d5 8. O-O Be7 9. Re1 O-O 10. cxd5 Nxd5 11. Ne5 Nf6 12. Re3 Nc6 13. Rh3 g6 14. Bh6 Re8 15. Bb5 Rc8 16. Bg5 Rf8 17. Nf3 Nd5 18. Bh6 Nxc3 19. bxc3 Na5 20. Bxf8 Bxf8 21. Qe1 Qc7 22. Ng5 h6 23. Ne4 Bg7 24. Bd3 Nc4 25. Rc1 Nb2 26. Qe3 Nxd3 27. Qxd3 Bd5 28. c4 Bxc4 29. Qf3 b5 30. Nf6+ Kf8 31. d5 Qe7 32. Ne4 exd5 33. Nd2 Re8 34. g3 Qe2 35. Qf4 g5 36. Qd6+ Kg8 37. Nf1 d4 0-1


[Site "https://www.chess.com"]

[Event "Titled Tuesday Blitz April 26 Early 2022"]
[White "Fiorito, Fabian"]
[Black "Sarkar, Justin"]
[WhiteFideId "100200"]
[BlackFideId "2010011"]
[WhiteElo "2395"]
[BlackElo "2038"]
[Result "0-1"]
[Round "09"]
[TimeControl "180+1"]
[Date "2022.04.26"]
[WhiteClock "0:02:15"]
[BlackClock "0:01:13"]

1. d4 e6 2. Nc3 Bb4 3. e4 d5 4. e5 c5 5. a3 cxd4 6. axb4 dxc3 7. bxc3 Qc7 8. Qd4 Nc6 9. Bb5 Bd7 10. Bxc6 Bxc6 11. Nf3 Bb5 12. Bg5 h6 13. Be3 b6 14. O-O-O Ne7 15. g4 g5 16. Rd2 Nc6 0-1


[Site "https://www.chess.com"]

[Event "Titled Tuesday Blitz April 26 Early 2022"]
[White "Gatterer, Florian"]
[Black "Kaminski, Victor"]
[WhiteFideId "811688"]
[BlackFideId "1131630"]
[WhiteElo "2218"]
[BlackElo "2181"]
[Result "0-1"]
[Round "09"]
[TimeControl "180+1"]
[Date "2022.04.26"]
[WhiteClock "0:00:06"]
[BlackClock "0:00:10"]

1. f4 d6 2. Nf3 Nc6 3. d4 Nf6 4. e3 g6 5. Be2 Bg7 6. O-O O-O 7. c4 e5 8. fxe5 dxe5 9. d5 Ne7 10. Nc3 Ne8 11. e4 h6 12. Be3 b6 13. b4 a5 14. a3 axb4 15. axb4 Rxa1 16. Qxa1 f5 17. Nd2 f4 18. Bf2 g5 19. h3 Nf6 20. Qd1 Qe8 21. c5 bxc5 22. bxc5 h5 23. d6 cxd6 24. cxd6 Nc6 25. Bb5 Bd7 26. Qb3+ Kh7 27. Nf3 g4 28. Ng5+ Kg6 29. h4 g3 30. Bb6 Qb8 31. Bxc6 Bxc6 32. Ne6 Rf7 33. Nd8 Rb7 34. Nxc6 Rxb6 35. Ne7+ Kh7 36. Qf7 Qxd6 37. Qg6+ Kh8 38. Nf5 Qd7 39. Ra1 Rb8 40. Nd5 Qa7+ 41. Kf1 Qxa1+ 42. Ke2 Rb2+ 43. Kf3 Qd1# 0-1


[Site "https://www.chess.com"]

[Event "Titled Tuesday Blitz April 26 Early 2022"]
[White "Harshavardhan G B"]
[Black "Oparin, Grigoriy"]
[WhiteFideId "25059009"]
[BlackFideId "24125890"]
[WhiteElo "1831"]
[BlackElo "2665"]
[Result "1-0"]
[Round "09"]
[TimeControl "180+1"]
[Date "2022.04.26"]
[WhiteClock "0:00:12"]
[BlackClock "0:00:09"]

1. d4 d5 2. c4 e6 3. Nf3 Nf6 4. g3 Bb4+ 5. Bd2 a5 6. Bg2 dxc4 7. Qc2 b6 8. a3 Be7 9. Ne5 Ra7 10. Qxc4 O-O 11. O-O Ba6 12. Qc2 Bxe2 13. Re1 Bh5 14. Nc3 Bg6 15. Nxg6 hxg6 16. Nb5 Ra6 17. Nxc7 Ra7 18. Nb5 Rd7 19. Rac1 Nd5 20. Qc4 Bf6 21. Rc2 Qe7 22. h4 Rfd8 23. Rec1 g5 24. h5 Na6 25. Qb3 g4 26. h6 Bg5 27. hxg7 Kxg7 28. Be4 Bxd2 29. Rxd2 Qg5 30. Rdc2 Nb8 31. Qd3 Nf6 32. Bg2 Re7 33. Qe2 Nbd7 34. Rc7 Nf8 35. Rxe7 Qxc1+ 36. Bf1 Qc6 37. Rc7 Qe4 38. Qxe4 Nxe4 39. Rc6 Nd7 40. Bg2 Nef6 41. Rc7 Ne8 42. Rb7 Nef6 43. Bc6 Kg6 44. Kf1 e5 45. d5 e4 46. Ke2 Kf5 47. Nd6+ Kg6 48. Nc4 Kf5 49. b4 axb4 50. axb4 Ne5 51. Nxe5 Kxe5 52. Rxb6 Nxd5 53. Rb5 Kd4 54. Rxd5+ Rxd5 55. Bxd5 Kxd5 56. Ke3 Ke5 57. b5 Kd5 58. b6 Kc6 59. Kxe4 Kxb6 60. Kf5 Kc6 61. Kxg4 Kd5 62. Kf5 Kd6 63. Kf6 1-0


[Site "https://www.chess.com"]

[Event "Titled Tuesday Blitz April 26 Early 2022"]
[White "Hartikainen, Jarmo"]
[Black "Kuznetsov, Mikhail"]
[WhiteFideId "503134"]
[BlackFideId "4117190"]
[WhiteElo "2121"]
[BlackElo "1981"]
[Result "1-0"]
[Round "09"]
[TimeControl "180+1"]
[Date "2022.04.26"]
[WhiteClock "0:00:34"]
[BlackClock "0:00:12"]

1. e4 c6 2. d4 d5 3. Nc3 dxe4 4. Nxe4 Nf6 5. Nxf6+ exf6 6. Bf4 Bd6 7. Qf3 Qe7+ 8. Be3 O-O 9. Bd3 Be6 10. Ne2 Re8 11. O-O Nd7 12. c4 Nf8 13. a3 Ng6 14. Rfd1 Qd7 15. h3 Qc7 16. Rac1 Rad8 17. Ng3 Bxg3 18. fxg3 Bc8 19. b4 Qe7 20. Bf2 Qc7 21. Re1 Qd7 22. h4 Rxe1+ 23. Rxe1 Re8 24. Rxe8+ Qxe8 25. h5 Nf8 26. h6 Ne6 27. hxg7 Nxd4 28. Bxd4 1-0


[Site "https://www.chess.com"]

[Event "Titled Tuesday Blitz April 26 Early 2022"]
[White "Haukenfrers, Dale"]
[Black "De Souza, Cristiano Gomes"]
[WhiteFideId "2603780"]
[BlackFideId "2151758"]
[WhiteElo "2051"]
[BlackElo "2068"]
[Result "1-0"]
[Round "09"]
[TimeControl "180+1"]
[Date "2022.04.26"]
[WhiteClock "0:01:26"]
[BlackClock "0:02:05"]

1. f3 e5 2. c3 d5 3. e4 c6 4. Be2 Nf6 5. d4 dxe4 6. dxe5 Qxd1+ 7. Bxd1 exf3 8. Nxf3 Ng4 9. h3 Nh6 10. g4 Be6 11. O-O Nd7 12. Bf4 O-O-O 13. Nd4 Bc5 14. b4 Bxd4+ 15. cxd4 Nb6 16. a4 Rxd4 17. a5 Nd5 18. Bxh6 gxh6 19. a6 b5 20. Na3 h5 21. Rc1 Kd7 22. gxh5 Rg8+ 23. Bg4 Ne3 24. Rxf7+ Ke8 25. Rxa7 Bxg4 26. hxg4 Nxg4 27. Ra8+ Kf7 28. Rxg8 Kxg8 29. a7 Rd8 30. Rxc6 Nxe5 31. Rb6 Nd7 32. Rd6 Kf7 33. Rxd7+ Rxd7 34. a8=Q Rd1+ 35. Kf2 Ra1 36. Qd5+ 1-0


[Site "https://www.chess.com"]

[Event "Titled Tuesday Blitz April 26 Early 2022"]
[White "Hernandez Bermudez, Ulises Eduardo"]
[Black "Rottenwohrer Suarez, Juan"]
[WhiteFideId "3902510"]
[BlackFideId "32068182"]
[WhiteElo "2056"]
[BlackElo "2158"]
[Result "0-1"]
[Round "09"]
[TimeControl "180+1"]
[Date "2022.04.26"]
[WhiteClock "0:01:40"]
[BlackClock "0:02:02"]

1. e4 g6 2. d4 Bg7 3. Nf3 d6 4. Bc4 Nf6 5. Qe2 O-O 6. O-O Bg4 7. h3 Bxf3 8. Qxf3 Nc6 9. Rd1 e5 10. c3 Qe7 11. d5 Nd8 12. Nd2 Nd7 13. Nf1 f5 14. exf5 gxf5 15. Qe2 a5 0-1


[Site "https://www.chess.com"]

[Event "Titled Tuesday Blitz April 26 Early 2022"]
[White "Hoffmann, Asa"]
[Black "Van den Dikkenberg, Erik"]
[WhiteFideId "2001470"]
[BlackFideId "1005880"]
[WhiteElo "2117"]
[BlackElo "2118"]
[Result "1-0"]
[Round "09"]
[TimeControl "180+1"]
[Date "2022.04.26"]
[WhiteClock "0:00:46"]
[BlackClock "0:00:18"]

1. d4 Nf6 2. Bg5 Ne4 3. Bf4 c5 4. f3 g5 5. Bxb8 Rxb8 6. fxe4 Bg7 7. e3 Qb6 8. Nf3 Qxb2 9. Nbd2 g4 10. Ne5 cxd4 11. Rb1 Qc3 12. Rb3 Qa5 13. exd4 d6 14. Bb5+ Kf8 15. Nxg4 Bxd4 16. Rf1 h5 17. Qf3 f6 18. Ne3 Qxa2 19. Nf5 Bxf5 20. Qxf5 Qxc2 21. Bc4 b5 22. Bd5 Bc3 23. Rxc3 Qxc3 24. Qg6 Qe3+ 25. Kd1 e6 26. Bxe6 Ke7 27. Qf7+ Kd8 28. Qd7# 1-0


[Site "https://www.chess.com"]

[Event "Titled Tuesday Blitz April 26 Early 2022"]
[White "Hua, Lefong"]
[Black "Vagman, Roy"]
[WhiteFideId "2602253"]
[BlackFideId "2828995"]
[WhiteElo "2609"]
[BlackElo "1927"]
[Result "1/2-1/2"]
[Round "09"]
[TimeControl "180+1"]
[Date "2022.04.26"]
[WhiteClock "0:00:17"]
[BlackClock "0:00:07"]

1. d4 Nf6 2. c4 g6 3. Nc3 Bg7 4. e4 d6 5. f4 O-O 6. Nf3 c5 7. d5 e6 8. Be2 exd5 9. cxd5 Re8 10. Nd2 c4 11. a4 Na6 12. O-O Nc5 13. e5 dxe5 14. fxe5 Nxd5 15. Nxc4 Be6 16. Nd6 Nxc3 17. bxc3 Bxe5 18. Nxe8 Qh4 19. Nf6+ Bxf6 20. Bf4 Rd8 21. Qc1 Nb3 22. Qe3 Nxa1 23. Rxa1 Bg4 24. Bc4 Qh5 25. Re1 Kg7 26. h3 Bd7 27. Qxa7 Bxc3 28. Rc1 Bf6 29. Qxb7 Be8 30. Kh2 Qf5 31. Bg3 h5 32. Rf1 Qg5 33. h4 Qg4 34. Rf4 Qd1 35. Qf3 Be5 36. Qxd1 Rxd1 37. Re4 Bxg3+ 38. Kxg3 Bxa4 39. Bxf7 Kxf7 40. Rxa4 Rd3+ 41. Kh2 Kf6 42. Ra5 Rd4 43. g3 Rg4 44. Ra6+ Kg7 45. Kg2 Kh6 46. Kf3 Rb4 47. Ra8 Rb3+ 48. Kg2 Rb2+ 49. Kh3 Rb3 50. Ra7 Rc3 51. Rb7 Rd3 52. Re7 Rc3 53. Rd7 Rb3 54. Rd2 Kg7 55. Kh2 Kf6 56. Rf2+ Ke6 57. Kg2 Rb4 58. Re2+ Kf5 59. Rc2 Re4 60. Rd2 Re5 61. Rf2+ Ke6 62. Kh3 Rf5 63. Re2+ Kf6 64. Kg2 g5 65. hxg5+ Kxg5 66. Rd2 Kg4 67. Rd8 Kg5 68. Kh3 Rf1 69. Rg8+ Kh6 70. Kg2 Ra1 71. Rh8+ Kg6 72. Rb8 Ra2+ 73. Kh3 Ra3 74. Rb4 Rc3 75. Kh4 Rc1 76. Rb6+ Kf5 77. Rb5+ Kg6 78. Rg5+ Kf6 79. Kxh5 Rg1 80. Rg8 Kf5 81. g4+ Kf6 82. g5+ Kf7 83. Ra8 Rh1+ 84. Kg4 Rg1+ 85. Kh4 Rh1+ 86. Kg4 Rg1+ 87. Kf4 Rf1+ 88. Ke4 Re1+ 89. Kf3 Rf1+ 90. Ke3 Rf5 91. Ra7+ Kg6 92. Ra6+ Kxg5 93. Ra4 Re5+ 94. Re4 Kf5 95. Rxe5+ Kxe5 1/2-1/2


[Site "https://www.chess.com"]

[Event "Titled Tuesday Blitz April 26 Early 2022"]
[White "Iljin, Timofey"]
[Black "Jakubowski, Krzysztof"]
[WhiteFideId "14110180"]
[BlackFideId "1112848"]
[WhiteElo "2396"]
[BlackElo "2365"]
[Result "0-1"]
[Round "09"]
[TimeControl "180+1"]
[Date "2022.04.26"]
[WhiteClock "0:01:20"]
[BlackClock "0:00:50"]

1. d4 Nf6 2. c4 e6 3. Nc3 Bb4 4. e3 O-O 5. a3 Bxc3+ 6. bxc3 d6 7. Bd3 c5 8. Ne2 Nc6 9. e4 Nd7 10. O-O b6 11. f4 Ba6 12. f5 Na5 13. f6 gxf6 14. Bh6 Kh8 15. Bxf8 Qxf8 16. Nf4 Qh6 17. Qe2 cxd4 18. cxd4 Nb3 19. Rad1 Nxd4 20. Qe3 e5 21. Nd5 Qxe3+ 22. Nxe3 Rc8 23. Nd5 Kg7 24. Ne7 Rc5 25. Rc1 Nb8 26. Nd5 Nd7 27. Ne7 Ra5 28. Rc3 Nc5 29. Bb1 Ne2+ 30. Kf2 Nxc3 31. Bc2 N3xe4+ 32. Ke3 Rxa3+ 33. Ke2 Bxc4+ 34. Kd1 Ra1+ 35. Bb1 Rxb1+ 36. Kc2 Rxf1 37. Nf5+ Rxf5 38. g4 Rf2+ 39. Kb1 Bd3+ 40. Ka1 Nb3# 0-1


[Site "https://www.chess.com"]

[Event "Titled Tuesday Blitz April 26 Early 2022"]
[White "Itkis, Boris"]
[Black "Devaev, Alexander"]
[WhiteFideId "1209167"]
[BlackFideId "4169395"]
[WhiteElo "2207"]
[BlackElo "2185"]
[Result "1-0"]
[Round "09"]
[TimeControl "180+1"]
[Date "2022.04.26"]
[WhiteClock "0:01:34"]
[BlackClock "0:01:34"]

1. b3 d5 2. Bb2 c5 3. e3 a6 4. Nf3 Nc6 5. d4 Nf6 6. Nbd2 Bg4 7. h3 Bh5 8. Be2 e6 9. O-O Bd6 10. c4 O-O 11. Rc1 cxd4 12. Nxd4 Bxe2 13. Qxe2 Nxd4 14. Bxd4 Rc8 15. cxd5 Nxd5 16. Nc4 Bb8 17. Qg4 Nf6 18. Qf3 b5 19. Ne5 Qd6 20. g3 Nd5 21. Rxc8 Rxc8 22. Qxf7+ Kh8 23. Ng6+ 1-0


[Site "https://www.chess.com"]

[Event "Titled Tuesday Blitz April 26 Early 2022"]
[White "Janaszak, Dawid"]
[Black "Begunov, Konstantin"]
[WhiteFideId "1119206"]
[BlackFideId "4118510"]
[WhiteElo "2199"]
[BlackElo "2262"]
[Result "1-0"]
[Round "09"]
[TimeControl "180+1"]
[Date "2022.04.26"]
[WhiteClock "0:00:13"]
[BlackClock "0:00:01"]

1. e4 c5 2. b3 Nf6 3. e5 Nd5 4. Bb2 Nc6 5. Nf3 e6 6. Nc3 Nxc3 7. Bxc3 d6 8. exd6 Qxd6 9. Bc4 Bd7 10. Qe2 Nd4 11. Nxd4 cxd4 12. Bb2 Be7 13. Qg4 Qe5+ 14. Be2 Bf6 15. f4 Qc5 16. Bd3 O-O 17. O-O Bb5 18. Qe2 Bxd3 19. Qxd3 Rac8 20. Rac1 Qd5 21. Rfe1 Rc6 22. Red1 Rfc8 23. c4 dxc3 24. dxc3 Qa5 25. a4 Qb6+ 26. Kh1 Qxb3 27. Ba1 Qxa4 28. f5 exf5 29. Qxf5 h6 30. h3 Qc4 31. Rc2 Qe6 32. Qf3 Qe5 33. Re2 Qg5 34. Re3 Qg6 35. Rde1 Qc2 36. R1e2 Qb1+ 37. Re1 Qc2 38. R3e2 Qg6 39. Re3 a5 40. Qd5 a4 41. Qa5 Rc4 42. Re8+ Kh7 43. Rxc8 Rxc8 44. Qxa4 Bxc3 45. Rc1 Qf6 46. Qd7 Rc5 47. Qd3+ g6 48. Bxc3 Qf4 49. Qd2 Qe4 50. Bb2 1-0


[Site "https://www.chess.com"]

[Event "Titled Tuesday Blitz April 26 Early 2022"]
[White "Jaracz, Pawel"]
[Black "Gokerkan, Cem Kaan"]
[WhiteFideId "1102222"]
[BlackFideId "6336760"]
[WhiteElo "2429"]
[BlackElo "2382"]
[Result "0-1"]
[Round "09"]
[TimeControl "180+1"]
[Date "2022.04.26"]
[WhiteClock "0:00:01"]
[BlackClock "0:00:11"]

1. e4 c5 2. Nf3 d6 3. Bc4 Nc6 4. O-O Nf6 5. Qe2 Bg4 6. c3 e6 7. h3 Bh5 8. d3 Be7 9. Bb5 Rc8 10. Nbd2 a6 11. Bxc6+ Rxc6 12. Re1 O-O 13. Nf1 Nd7 14. g4 Bg6 15. Ng3 b5 16. Bf4 Re8 17. Rad1 Qa5 18. a3 Qa4 19. d4 cxd4 20. Nxd4 Rcc8 21. Nf3 d5 22. Rd4 Rc4 23. exd5 Rxd4 24. Nxd4 e5 25. b3 Qxa3 26. Nc6 Bd6 27. Qd1 Qc5 28. Qd2 Nf6 29. Nb4 exf4 30. Rxe8+ Nxe8 31. Ne2 f3 32. Nd4 a5 33. Qe3 Nf6 34. Nbc6 Qxd5 0-1


[Site "https://www.chess.com"]